Map: [ESL] Alcyone

Players

Oliveira

  • Race: Terran Terran
  • Spawn Location: 7:00

Spirit - Winner!

  • Race: Terran Terran
  • Spawn Location: 1:00

Event: ESL SC2 Masters 2023 Winter (Finals)

VOD

Have the link to the VOD?

Description

Time

  • Played on: Dec. 15, 2023, 5:44 p.m.
  • Length: 14:09

All games in this series

Show
View Real Time Build Order
Export as new Build Order

Oliveira Terran 

Build Orders: Cyclone Opening 

Get SALT Encoding   

  12  0:00  SCV  
  13  0:12  SCV  
  14  0:17  Supply Depot  
  14  0:25  SCV  
  15  0:38  SCV  
  15  0:40  Barracks  
  16  0:43  Refinery  
  16  0:50  SCV  
  16  0:54  Refinery  
  17  1:03  SCV  
  18  1:15  SCV  
  19  1:28  Reaper, Orbital Command  
  20  1:34  Supply Depot  
  20  1:43  Factory  
  20  1:54  SCV  
  20  2:00  Reaper  
  22  2:06  SCV  
  23  2:16  Command Center  
  23  2:19  SCV  
  24  2:28  Cyclone  
  26  2:31  SCV  
  26  2:32  Barracks Reactor  
  27  2:45  SCV, Supply Depot  
  27  2:51  Starport  
  28  2:57  SCV  
  27  3:14  Cyclone x2  
  27  3:15  Barracks Tech Lab  
  27  3:17  SCV  
  31  3:29  SCV  
  31  3:30  Medivac  
  33  3:41  SCV, Refinery  
  34  3:44  Marine  
  34  3:47  Orbital Command  
  35  3:48  Cyclone  
  35  3:52  Cyclone  
  35  3:55  SCV  
  40  4:04  Starport Tech Lab  
  40  4:07  SCV  
  41  4:12  SCV  
  41  4:14  Supply Depot  
  42  4:19  SCV  
  45  4:24  Raven, SCV  
  46  4:31  Stimpack  
  46  4:32  SCV, Marine  
  46  4:36  SCV  
  49  4:43  Command Center  
  49  4:48  SCV x2  
  49  4:52  Factory Reactor  
  51  4:59  Barracks x2  
  51  5:01  Raven  
  51  5:04  SCV  
  55  5:07  SCV  
  55  5:12  Supply Depot  
  55  5:14  Marine  
  55  5:16  SCV  
  55  5:19  SCV  
  58  5:28  SCV  
  58  5:31  SCV  
  58  5:34  Engineering Bay  
  58  5:35  Raven  
  62  5:40  SCV, Engineering Bay  
  63  5:43  SCV  
  63  5:47  Marine x2, Barracks  
  63  5:48  Barracks  
  64  5:52  Marine  
  64  5:54  SCV  
  66  5:58  Orbital Command  
  66  5:59  Marine x2  
  66  6:00  SCV, Unknown  
  66  6:04  Terran Infantry Weapons Level 1  
  69  6:05  Marine  
  69  6:06  Terran Infantry Armor Level 1  
  69  6:10  SCV  
  71  6:14  Marine  
  71  6:17  SCV  
  73  6:20  Supply Depot, Orbital Command, Marine x2  
  73  6:22  Refinery  
  73  6:24  Starport Reactor  
  73  6:25  SCV  
  76  6:28  Supply Depot  
  76  6:29  SCV  
  76  6:31  Siege Tank  
  80  6:35  Barracks Reactor x2  
  80  6:36  Combat Shield  
  80  6:38  Marine  
  80  6:39  Marine  
  82  6:41  Marine  
  82  6:42  SCV  
  82  6:44  SCV, Marine  
  82  6:46  SCV  
  87  6:49  Marine  
  87  6:53  Supply Depot  
  88  6:55  SCV  
  88  6:56  SCV, Marine  
  88  6:57  Marine  
  88  6:58  SCV  
  88  7:00  Medivac  
  95  7:01  Medivac  
  95  7:03  Marine  
  95  7:06  Armory  
  95  7:07  SCV  
  99  7:08  SCV  
  99  7:12  Supply Depot, SCV  
  101  7:17  Siege Tank, Marine  
  101  7:19  SCV  
  101  7:20  Marine  
  101  7:21  SCV  
  101  7:22  Marine  
  109  7:26  Supply Depot  
  109  7:33  Marine x5  
  109  7:34  SCV x3  
  109  7:35  Supply Depot x2  
  117  7:43  Refinery  
  117  7:47  Medivac x2, Marine x3  
  117  7:48  SCV  
  117  7:50  Supply Depot  
  125  7:57  Marine x4  
  129  7:58  Siege Tank  
  129  8:01  Marine x2  
  129  8:03  SCV x3  
  137  8:06  Marine x2  
  137  8:08  Terran Infantry Weapons Level 2  
  139  8:13  Terran Infantry Armor Level 2, Marine  
  139  8:14  Marine  
  141  8:27  Marine  
  129  8:33  Marine x2  
  114  8:35  Marine x4  
  114  8:36  Siege Tank  
  114  8:37  Marine  
  114  8:39  Marine  
  115  8:44  Marine  
  115  8:46  Medivac  
  115  8:47  Medivac  
  115  8:48  Terran Vehicle Weapons Level 1  
  118  8:50  Command Center  
  118  8:51  Marine x2  
  118  8:52  Marine x2  
  118  8:53  Marine x2  
  124  8:56  Marine x2  
  124  9:02  Marine  
  126  9:05  SCV  
  126  9:06  Refinery  
  126  9:08  Supply Depot  
  126  9:09  Marine x2  
  130  9:10  Marine x2  
  130  9:14  Marine x2  
  130  9:17  Marine  
  124  9:20  Marine  
  124  9:22  Siege Tank  
  120  9:25  SCV  
  120  9:27  SCV, Marine x2  
  120  9:28  Marine x2  
  120  9:29  Starport  
  120  9:30  Medivac, Starport  
  120  9:31  Medivac  
  130  9:32  Barracks Reactor, Marine x2  
  130  9:33  SCV  
  130  9:34  Marine  
  130  9:38  Marine, Sensor Tower  
  135  9:44  Marine  
  135  9:45  Marine  
  137  9:52  Marine  
  136  9:54  Marine  
  136  9:55  Marine  
  136  9:56  Siege Tank  
  136  9:58  SCV  
  136  9:59  SCV x2  
  139  10:00  Marine  
  139  10:02  Planetary Fortress  
  139  10:05  Refinery x2  
  139  10:06  Raven  
  142  10:08  Marine  
  142  10:11  Medivac  
  142  10:13  SCV, Starport Tech Lab, Medivac  
  148  10:17  Supply Depot, Missile Turret x2, Marine x2  
  148  10:20  Marine  
  151  10:24  Marine  
  151  10:26  SCV x2  
  154  10:29  Terran Infantry Weapons Level 3  
  154  10:30  Marine  
  154  10:33  Marine  
  154  10:34  Marine  
  156  10:36  SCV  
  156  10:38  SCV  
  156  10:40  Marine  
  159  10:43  Supply Depot  
  159  10:44  Raven, Marine  
  159  10:45  Marine x2  
  159  10:46  Raven  
  159  10:47  Missile Turret  
  159  10:48  Supply Depot  
  169  10:51  Marine  
  169  10:52  Marine x2  
  169  10:56  Terran Infantry Armor Level 3  
  169  10:58  Marine x4  
  169  11:03  Siege Tank  
  176  11:06  Marine  
  173  11:12  Marine x2  
  173  11:16  Missile Turret  
  175  11:19  Marine x3  
  178  11:26  Marine  
  178  11:29  Marine x3  
  178  11:30  Marine x3  
  173  11:42  Supply Depot  
  173  11:44  Supply Depot  
  173  11:45  Supply Depot  
  147  11:55  Marine x6  
  147  11:56  Raven  
  147  11:57  Raven  
  147  11:59  Marine  
  147  12:00  Marine x3  
  123  12:03  Medivac x2  
  123  12:04  Siege Tank  
  130  12:12  Marine x3  
  130  12:14  Marine  
  130  12:15  Marine  
  135  12:17  Marine  
  135  12:22  Marine x2  
  137  12:25  Marine  
  137  12:27  SCV  
  137  12:28  Missile Turret  
  137  12:29  Marine  
  139  12:30  Supply Depot, Marine  
  139  12:31  Command Center, Sensor Tower, Raven  
  139  12:34  Marine x2  
  131  12:38  SCV  
  131  12:39  SCV  
  131  12:40  Marine  
  131  12:41  Marine  
  131  12:46  Raven  
  131  12:48  SCV  
  131  12:50  Marine  
  135  12:55  Marine x2  
  135  12:56  SCV  
  138  12:59  Marine  
  138  13:02  Siege Tank, Marine  
  138  13:04  SCV  
  141  13:09  Marine x2  
  141  13:10  SCV, Marine  
  141  13:12  Raven  
  146  13:13  Marine x2  
  146  13:15  Marine  
  148  13:20  Marine  
  148  13:26  Marine  
  148  13:27  Raven  
  148  13:28  Marine  
  148  13:30  SCV x2  
  149  13:37  Marine  
  149  13:40  SCV  
  150  13:43  Marine  
  150  13:45  Marine  
  150  13:47  Marine  
Show
View Real Time Build Order
Export as new Build Order

Spirit Terran - Winner!

Build Orders: Cyclone Opening 

Get SALT Encoding   

  12  0:00  SCV  
  13  0:12  SCV  
  14  0:17  Supply Depot  
  14  0:24  SCV  
  15  0:39  SCV  
  15  0:40  Barracks  
  16  0:44  Refinery  
  16  0:51  SCV  
  16  0:53  Refinery  
  17  1:03  SCV  
  18  1:15  SCV  
  19  1:27  Reaper, Orbital Command  
  20  1:33  Supply Depot  
  20  1:43  Factory  
  20  1:53  SCV  
  21  1:59  Reaper  
  22  2:05  SCV  
  23  2:17  SCV  
  24  2:22  Command Center  
  24  2:28  Hellion  
  26  2:30  SCV  
  26  2:36  Reaper  
  28  2:42  Supply Depot, SCV  
  29  2:51  Cyclone  
  31  3:03  SCV, Starport  
  31  3:15  SCV  
  30  3:27  Cyclone  
  30  3:28  Barracks Reactor, SCV  
  32  3:40  SCV  
  33  3:49  Orbital Command  
  33  3:52  SCV, Starport Tech Lab  
  33  3:53  Refinery  
  33  3:54  Command Center  
  34  4:01  Factory Tech Lab  
  34  4:04  SCV  
  34  4:06  Marine x2  
  37  4:15  Raven  
  37  4:16  SCV  
  37  4:17  SCV  
  41  4:21  Siege Tank  
  44  4:28  SCV  
  44  4:29  SCV  
  46  4:34  Supply Depot  
  46  4:40  SCV  
  46  4:41  SCV  
  47  4:46  Supply Depot  
  47  4:49  Raven  
  47  4:52  SCV  
  50  4:53  SCV  
  50  4:56  Supply Depot  
  51  5:03  Siege Tank  
  51  5:06  SCV x2  
  56  5:08  Orbital Command  
  56  5:09  Marine  
  56  5:12  Marine  
  58  5:18  SCV x2  
  58  5:20  Supply Depot  
  60  5:24  Unknown  
  60  5:25  Raven  
  62  5:30  SCV x2, Refinery  
  62  5:33  SCV  
  65  5:37  Siege Tank  
  65  5:38  Marine  
  65  5:42  SCV x2  
  71  5:49  Marine  
  73  5:54  SCV x2  
  74  5:57  Orbital Command  
  74  5:58  Barracks  
  74  6:00  Engineering Bay, Barracks  
  74  6:01  Engineering Bay  
  75  6:06  SCV x2  
  78  6:13  Siege Tank  
  79  6:18  SCV  
  79  6:19  SCV  
  79  6:22  SCV  
  79  6:24  Supply Depot  
  82  6:26  Supply Depot  
  82  6:30  Stimpack, Viking x2  
  82  6:31  SCV x2, Marine  
  82  6:32  Terran Infantry Weapons Level 1  
  89  6:33  Terran Infantry Armor Level 1  
  89  6:34  SCV  
  90  6:43  SCV  
  90  6:46  SCV  
  92  6:48  SCV, Marine  
  92  6:49  Barracks Reactor x2  
  92  6:50  Supply Depot  
  92  6:52  Supply Depot  
  94  6:55  SCV  
  94  6:58  SCV, Missile Turret  
  94  7:00  SCV  
  97  7:06  Marine  
  97  7:07  SCV, Refinery x2  
  99  7:08  Sensor Tower  
  99  7:10  SCV  
  99  7:11  Viking  
  99  7:12  SCV  
  103  7:16  Viking  
  103  7:19  SCV  
  103  7:20  Supply Depot x2  
  103  7:21  Siege Tank  
  103  7:22  Supply Depot  
  109  7:23  SCV  
  109  7:24  Marine  
  109  7:25  SCV  
  109  7:27  Marine  
  109  7:28  Marine  
  109  7:29  Marine  
  115  7:31  SCV  
  115  7:32  Armory  
  117  7:39  Barracks  
  117  7:40  Marine, Barracks  
  117  7:42  Marine  
  120  7:44  Missile Turret  
  120  7:51  Viking  
  120  7:52  Marine  
  120  7:55  Command Center, Supply Depot  
  121  7:58  Marine  
  121  8:00  Viking  
  121  8:04  Siege Tank, Marine  
  128  8:07  Marine  
  128  8:11  Supply Depot, SCV  
  128  8:12  SCV  
  131  8:15  Marine x2  
  131  8:16  Marine  
  131  8:18  SCV, Supply Depot  
  135  8:22  Marine  
  135  8:25  Marine  
  124  8:33  Marine x2  
  105  8:34  Marine  
  105  8:36  Siege Tank  
  105  8:37  SCV x2  
  105  8:39  Marine  
  108  8:43  Marine  
  108  8:44  Medivac x2  
  108  8:47  Barracks Reactor x2  
  108  8:48  Terran Infantry Weapons Level 2  
  111  8:50  Marine  
  111  8:51  Marine  
  111  8:52  Terran Infantry Armor Level 2, Marine  
  111  8:54  Terran Vehicle Weapons Level 1  
  114  8:57  Marine  
  114  8:58  SCV  
  114  9:00  Combat Shield  
  114  9:01  Marine  
  117  9:08  Marine x2  
  117  9:09  Marine  
  119  9:15  Marine  
  109  9:19  Marine  
  109  9:20  Liberator x2  
  109  9:23  Siege Tank  
  115  9:24  SCV x2  
  115  9:25  SCV, Marine  
  115  9:26  Marine x2  
  115  9:27  Marine  
  115  9:30  Marine x3  
  125  9:33  Marine  
  125  9:35  Factory, Sensor Tower  
  125  9:36  SCV x2  
  125  9:37  Marine  
  129  9:42  Marine  
  129  9:44  Marine x2  
  129  9:45  Marine  
  132  9:48  Marine x3  
  132  9:51  Marine  
  122  9:54  Marine  
  121  10:00  Marine  
  121  10:01  Siege Tank  
  121  10:02  Marine x2  
  121  10:03  Medivac, Marine  
  121  10:06  Marine x3  
  133  10:09  Marine  
  133  10:12  Marine  
  135  10:17  Viking  
  135  10:18  Marine  
  135  10:19  Marine  
  135  10:20  Marine  
  135  10:21  Factory Tech Lab, Marine  
  141  10:23  Marine  
  141  10:24  Marine  
  141  10:25  Marine  
  141  10:27  Bunker  
  144  10:33  Siege Tank, Viking  
  144  10:34  Marine x2  
  151  10:36  Marine  
  151  10:37  Marine x2  
  151  10:39  Marine  
  151  10:40  Siege Tank  
  151  10:41  Marine x2  
  160  10:43  Marine  
  161  10:50  Liberator  
  161  10:52  Marine  
  161  10:53  Marine  
  161  10:56  Marine  
  163  10:57  Marine x2  
  163  10:59  Marine x3  
  163  11:02  Liberator, Marine  
  172  11:06  Siege Tank  
  160  11:55  Marine x6  
  160  11:56  Siege Tank, Marine x3  
  160  11:57  Siege Tank  
  136  12:10  Orbital Command  
  136  12:12  Marine x2  
  136  12:13  Marine x4  
  136  12:14  Marine x3  
  143  12:28  Siege Tank  
  143  12:29  Siege Tank  
  149  12:30  Marine x3  
  149  12:31  Marine x6  
  157  12:48  Marine  
  158  13:07  Marine x3  
  158  13:11  Medivac x2  
  158  13:19  Marine x2  
  158  13:22  Marine x2  
Tags
 
Add a new tag
Caveats
  • Supply blocks, unpowered buildings, or Contaminate may cause inaccurate times.
  • Supply counts are checked every 10 seconds.